 Dungeon Crawl Stone Soup version 0.31-a0-233-g139696dc86 (webtiles) character file.

Game seed: 7802313611613414502

149 qw the Shooter (level 5, -2/30 HPs)
             Began as a Gargoyle Hexslinger on July 7, 2023.
             Killed from afar by an orc wizard (9 damage)
             ... with a magic dart
             ... on level 2 of the Dungeon.
             The game lasted 00:00:49 (1950 turns).

qw the Shooter (Gargoyle Hexslinger)                Turns: 1950, Time: 00:00:50

Health: -2/30      AC:  8    Str: 12    XL:     5   Next: 31%
Magic:  6/6        EV: 11    Int: 13    God:
Gold:   82         SH:  0    Dex: 14    Spells: 5/6 levels left

rFire   . . .        Y - +2 sling
rCold   . . .        (no shield)
rNeg    + . .        i - +0 leather armour
rPois   inf          (no helmet)
rElec   +            (no cloak)
rCorr   .            (no gloves)
SInv    +            k - +0 pair of boots
Will    .....        (no amulet)
Stlth   +            d - ring of see invisible
HPRegen 0.25/turn    (no ring)
MPRegen 0.10/turn

%: no passive effects
@: no status effects
A: sickness immunity, AC +4, negative energy resistance 1, electricity
resistance, torment resistance 1, petrification resistance
a: no special abilities


You were on level 2 of the Dungeon.
You visited 1 branch of the dungeon, and saw 3 of its levels.

You collected 82 gold pieces.


Innate Abilities, Weirdness & Mutations

You are immune to sickness and miasma.
Your stone body is resilient. (AC +4)
You are immune to poison.
You resist negative energy. (rN+)
You are resistant to electric shocks. (rElec)
You are resistant to unholy torment.
You are immune to petrification.


   Skills:
 + Level 2.0 Fighting
 - Level 5.1 Ranged Weapons
 - Level 1.5 Dodging
 - Level 1.0 Spellcasting
 - Level 2.6 Hexes


You had 5 spell levels left.
You knew the following spells:

 Your Spells              Type           Power      Damage    Failure   Level
a - Slow                  Hex            28%        N/A       12%         1

Your spell library contained the following spells:

 Spells                   Type           Power      Damage    Failure   Level
 Inner Flame              Hex/Fire       4%         N/A       52%         3
 Portal Projectile        Hex/Tloc       8%         N/A       52%         3
 Cause Fear               Hex            3%         N/A       75%         4

Inventory:

Hand Weapons
 Y - a +2 sling (weapon)
Armour
 i - a +0 leather armour (worn)
 k - a +0 pair of boots (worn)
Jewellery
 d - a ring of see invisible (left hand)
Scrolls
 a - a scroll of identify
 j - a scroll of teleportation
Potions
 g - a potion of heal wounds

Dungeon Overview and Level Annotations

Branches:
Dungeon (3/15)

Altars:
Nemelex Xobeh

Annotations:
D:2 1 runed translucent door, Crazy Yiuf


Message History

The orc wizard gestures at you while chanting.
You resist with some effort.
You shoot a sling bullet.
The sling bullet closely misses the orc wizard.
The rat bites you but does no damage. The orc barely misses you.
The orc wizard casts a spell at you. The magic dart hits you!
You shoot a sling bullet. The sling bullet hits the orc wizard.
The orc wizard is severely wounded.
The rat closely misses you. The orc closely misses you.
The orc wizard hits you but does no damage.
The orc wizard barely misses you. The rat closely misses you.
The orc closely misses you.
You shoot a sling bullet.
The sling bullet barely misses the orc wizard.
The rat twitches its whiskers.
The rat closely misses you. The orc hits you but does no damage.
The orc wizard hits you but does no damage.
You shoot a sling bullet.
The sling bullet closely misses the orc wizard.
The rat misses you. The orc hits you but does no damage.
The orc wizard gestures at you while chanting.
The puff of flame hits you.
You shoot a sling bullet.
The sling bullet hits the orc wizard but does no damage.
The orc wizard is severely wounded.
The rat closely misses you.
The orc wizard hits you with a +0 dagger.
The orc hits you with a +0 hand axe.
You shoot a sling bullet.
The sling bullet closely misses the orc wizard.
The orc misses you. The orc wizard completely misses you. The rat misses you.
You shoot a sling bullet. The sling bullet hits the orc wizard.
The orc wizard is severely wounded.
The orc barely misses you.
The orc wizard hits you with a +0 dagger.
The rat bites you but does no damage.
The orc wizard gestures at you while chanting.
The magic dart hits you!
You die...

#<.........#..###### #.#
###.###.####.## ##.#
##.###.####.## ##..#
#............# ####.#.#
#..###.####..# #.....:.
#..# #.# #).# #.###.##
#..# #.# #..# #.# #.#
#..###o## #..# #.# #.#
#..##..@###..# #.###.##
#.....ro.##..####.##....
#.##..................##
#.##.._..###....#.##.##
#........# ##.#.#.##.#
###......# #.#.#.##.###
####..## ##.#.#....)..
###.###.##.####.###
##.....#.# #.#


You could see an orc wizard, an orc and a rat.

Vanquished Creatures
  An orc priest (D:2)
  Natasha (twice) (D:2)
  2 adders (D:2)
  3 dart slugs
  An orc (D:3)
  4 ball pythons
  5 bats
  7 endoplasms
  5 giant cockroaches (D:1)
  6 goblins
  A hobgoblin (D:2)
  A quokka (D:1)
  A frilled lizard (D:1)
  4 kobolds
  6 rats
49 creatures vanquished.

Notes
Turn   | Place    | Note
-------+----------+-------------------------------------------
     0 | D:1      | qw the Gargoyle Hexslinger began the quest for the Orb.
     0 | D:1      | Reached XP level 1. HP: 12/12 MP: 2/2
     0 | D:1      | 0 ||| qw: Version: 0.3-a-46-gb1f654a
     0 | D:1      | 0 ||| qw: Game counter: 3298
     0 | D:1      | 0 ||| qw: Melee chars always use a shield: true
     0 | D:1      | 0 ||| qw: God list: Okawaru
     0 | D:1      | 0 ||| qw: Allow faded altars: false
     0 | D:1      | 0 ||| qw: Do Orc after clearing Dungeon:15 true
     0 | D:1      | 0 ||| qw: Do second Lair branch before Depths: true
     0 | D:1      | 0 ||| qw: Lair rune preference: random
     0 | D:1      | 0 ||| qw: Goals: Normal
     0 | D:1      | 0 ||| PLANNING D:1-11
   140 | D:1      | 140 ||| FLEEEEING.
   157 | D:1      | Reached XP level 2. HP: 16/16 MP: 3/3
   297 | D:1      | Reached skill level 3 in Ranged Weapons
   487 | D:1      | Reached XP level 3. HP: 21/21 MP: 4/4
   756 | D:1      | 756 ||| UPGRADING to +0 pair of boots.
   761 | D:1      | 761 ||| UPGRADING to ring of see invisible.
   762 | D:1      | 762 ||| DROPPING +6 ring of intelligence.
   763 | D:1      | 763 ||| READING scroll labelled CEAPNE DUXKUU.
   764 | D:1      | 764 ||| READING scroll labelled YSTAAKH YBLA.
   769 | D:1      | 769 ||| READING scroll labelled SANIEC BOENI.
   770 | D:1      | 770 ||| READING scroll labelled IGESYP DOUZUUDD.
   771 | D:1      | 771 ||| DRINKING 2 bubbling orange potions.
   772 | D:1      | 772 ||| DROPPING scroll of poison.
   845 | D:2      | Found a sparkling altar of Nemelex Xobeh.
   886 | D:2      | Found a runed translucent door.
   887 | D:2      | Noticed Crazy Yiuf
  1172 | D:2      | Reached XP level 4. HP: 26/26 MP: 5/5
  1361 | D:2      | Reached skill level 4 in Ranged Weapons
  1423 | D:2      | Noticed Natasha
  1432 | D:2      | Killed Natasha
  1629 | D:2      | Noticed Natasha
  1646 | D:2      | Killed Natasha
  1647 | D:2      | Reached XP level 5. HP: 9/30 MP: 6/6
  1781 | D:2      | 1781 ||| UPGRADING to +0 leather armour.
  1791 | D:2      | 1791 ||| DROPPING +0 robe.
  1792 | D:2      | 1792 ||| READING scroll labelled JUIDGH QYUNN.
  1793 | D:2      | 1793 ||| READING scroll labelled CUYCLU GO ASED.
  1794 | D:2      | 1794 ||| READING scroll labelled ITAINU JASCHU.
  1795 | D:2      | 1795 ||| READING 3 scrolls of identify.
  1795 | D:2      | 1795 ||| IDENTIFYING cyan potion
  1796 | D:2      | 1796 ||| READING 2 scrolls of identify.
  1796 | D:2      | 1796 ||| IDENTIFYING orange potion
  1797 | D:2      | 1797 ||| DROPPING potion of magic.
  1798 | D:2      | 1798 ||| DROPPING potion of berserk rage.
  1823 | D:3      | 1823 ||| STAIRDANCE
  1828 | D:2      | Reached skill level 5 in Ranged Weapons
  1934 | D:3      | 1934 ||| STAIRDANCE
  1950 | D:2      | HP: 7/30 [orc wizard/+0 dagger (3)]
  1950 | D:2      | Killed from afar by an orc wizard

Levels and vault maps discovered:
D:1:      erik_arrival_orb_chamber, layout_loops_cross
D:2:      layout_loops_ring, basic_altar, uniq_crazy_yiuf_cottage, uniq_natasha
D:3:      layout_loops_corners

Skill      XL: |  1  2  3  4  5 |
---------------+----------------+-----
Ranged Weapons | 3 4 5 |  5.1
Fighting       | 2 |  2.0
Dodging        | |  1.5
Spellcasting   | |  1.0
Hexes          | |  2.6

Action                     |  1- 3 |  4- 6 || total
---------------------------+-------+-------++-------
   Fire: Sling             |   111 |    68 ||   179
    Use: Scroll            |     4 |     5 ||     9
         Potion            |     1 |       ||     1
 Armour: Robe              |    20 |    16 ||    36
         Leather armour    |       |    23 ||    23
  Dodge: Dodged            |    21 |    47 ||    68

Table legend:
 A = Non-vault XP
 B = Vault XP
 C = Vault XP percentage of total XP
 D = Non-vault monster count
 E = Vault monster count
 F = Vault count percentage of total count
                 A         B        C        D         E       F
            +---------+---------+-------+---------+---------+-------
      Total |     180 |      33 |  15.5 |      48 |       1 |   2.0
            +---------+---------+-------+---------+---------+-------
        D:1 |      52 |       0 |   0.0 |      29 |       0 |   0.0
        D:2 |     125 |      33 |  20.9 |      18 |       1 |   5.3
        D:3 |       3 |       0 |   0.0 |       1 |       0 |   0.0
            +---------+---------+-------+---------+---------+-------
